 Dungeon Crawl Stone Soup version 0.28.0-43-g3370ac3207 (webtiles) character file.

Game seed: 10143985277345342278

32 weregamer the Scratcher (level 3, -2/15 HPs)
             Began as a Felid Transmuter on Apr 1, 2022.
             Splashed by a jelly's acid (7 damage)
             ... on level 4 of the Dungeon.
             The game lasted 00:07:09 (2657 turns).

weregamer the Scratcher (Felid Transmuter)          Turns: 2657, Time: 00:07:10

Health: -2/15      AC: -3    Str:  6    XL:     3   Next: 8%
Magic:  7/7        EV: 18    Int: 14    God:
Gold:   63         SH:  0    Dex: 18    Spells: 3/6 levels left
                                        Lives:  0   Deaths: 0

rFire   + . .      SeeInvis +     - Unarmed
rCold   . . .      Faith    .   (shield unavailable)
rNeg    . . .      Spirit   .   (armour unavailable)
rPois   .          Reflect  .   (helmet unavailable)
rElec   .          Harm     .   (cloak unavailable)
rCorr   .          Rampage  .   (gloves unavailable)
Will    .....                   (boots unavailable)
Stlth   ++........              (no amulet)
HPRegen 0.05/turn               c - ring of protection from fire
MPRegen 0.10/turn               (no ring)

@: corroded, quick
A: very small, claws 1, fangs 3, see invisible, speed 1, shaggy fur 1, stealthy
paws, no weapons or thrown items, no armour, multi-lived
a: no special abilities


You were on level 4 of the Dungeon.
You visited 1 branch of the dungeon, and saw 4 of its levels.

You collected 63 gold pieces.

Inventory:

Jewellery
 c - a ring of protection from fire (left paw)
Scrolls
 b - 3 scrolls of identify {unknown}
 d - a scroll of holy word {unknown}
 f - 2 scrolls of teleportation {unknown}
 g - a scroll of enchant weapon {unknown}
Potions
 a - a potion of berserk rage {unknown}
 e - a potion of might {unknown}


   Skills:
 * Level 1.3 Fighting
 + Level 2.8 Dodging
 * Level 1.7 Stealth
 + Level 3.4 Unarmed Combat
 - Level 2.0 Spellcasting
 * Level 2.8 Transmutations


You had 3 spell levels left.
You knew the following spells:

 Your Spells              Type           Power      Damage    Failure   Level
a - Beastly Appendage     Tmut           18%        N/A       8%          1
b - Wereblood             Tmut           9%         N/A       11%         2

Your spell library contained the following spells:

 Spells                   Type           Power      Damage    Failure   Level
 Spider Form              Tmut/Pois      5%         N/A       36%         3
 Ice Form                 Ice/Tmut       5%         N/A       78%         4


Dungeon Overview and Level Annotations

Branches:
Dungeon (4/15)
 Temple: D:4-7

Altars:
Nemelex Xobeh


Innate Abilities, Weirdness & Mutations

You have sharp claws.
You have razor-sharp teeth.
You have supernaturally acute eyesight. (SInv)
You cover ground quickly. (Speed+)
You are covered in fur. (AC +1)
Your paws help you pounce on unaware monsters.
You are incapable of wielding weapons or throwing items.
You cannot wear armour.
You gain extra lives every three experience levels.


Message History

Confirm with . or Enter, or press ? or * to list all spells.
You grow a pair of large bovine horns.
The adder hisses angrily.
A jelly comes into view.
You closely miss the adder.
The jelly quivers.
Your headbutt misses the adder. The adder completely misses you.
You claw the adder! You headbutt the adder.
The adder is severely wounded.
The adder closely misses you. The adder misses you.
You closely miss the adder. Your headbutt misses the adder.
The adder is severely wounded.
The adder misses you.
You closely miss the adder.
The adder is severely wounded.
Your transformation is almost over.
The adder bites you.
You barely miss the adder.
The adder is severely wounded.
The adder misses you.
You scratch the adder. Your headbutt misses the adder.
The adder is almost dead.
The adder misses you. The adder bites you.
You scratch the adder but do no damage. You bite the adder.
You kill the adder!
The jelly closely misses you.
You have reached level 3!
Your experience leads to an increase in your attributes!
Increase (S)trength, (I)ntelligence, or (D)exterity?
Uppercase letters only, please.
You feel agile. x2
You scratch the jelly.
Your paws burn!
The jelly is lightly wounded.
Your horns disappear.
You open the door.
Found a sedimented orange potion.
There is an open door here.
You open the door. The jelly hits you. The acid corrodes you!
You are splashed with acid!
You die...

#.# ##.## #.# #.# ##†# #.#
#..# ##'## #.## ##...##
#.#### ##.....## #.##.##
##.....!.##
######.#...####J........#
...............@.........+
#########...####.........#
##..# ##.......## ##.#
##.....## #.# ##...## #.#
##+## #.# ##.#######
#.........


You could see a jelly.

Vanquished Creatures
  An adder (D:4)
  A dart slug (D:4)
  An orc (D:3)
  An endoplasm (D:3)
  A giant cockroach (D:1)
  3 hobgoblins
  6 kobolds
  2 bats (D:1)
  2 goblins
  2 rats
20 creatures vanquished.

Notes
Turn   | Place    | Note
-------+----------+-------------------------------------------
     0 | D:1      | weregamer the Felid Transmuter began the quest for the Orb.
     0 | D:1      | Reached XP level 1. HP: 9/9 MP: 4/4
   584 | D:1      | Reached skill level 1 in Stealth
  1101 | D:3      | Reached XP level 2. HP: 7/12 MP: 4/6
  1287 | D:3      | Noticed a black bear
  1732 | D:2      | Found a sparkling altar of Nemelex Xobeh.
  2542 | D:4      | Learned a level 2 spell: Wereblood
  2639 | D:4      | Reached XP level 3. HP: 10/15 MP: 7/7
  2657 | D:4      | Splashed by a jelly's acid

Illustrated notes

Levels and vault maps discovered:
D:1:      lemuel_arrival_behind_the_door_large, layout_loops_ring
D:2:      layout_loops_corners, basic_altar
D:3:      layout_loops_ring, wad_floor_pattern_untrapped, minmay_misc_feat_x,
          uniq_terence
D:4:      layout_loops_corners, minmay_small_thing

Skill      XL: |  1 |
---------------+----+-----
Stealth        | 1 |  1.7
Fighting       | |  1.3
Dodging        | |  2.8
Unarmed Combat | |  3.4
Spellcasting   | |  2.0
Transmutations | |  2.8

Action                   || total
-------------------------++-------
Melee: Unarmed           ||    65
       Headbutt          ||    11
       Bite              ||     6
 Cast: Beastly Appendage ||    22
  Use: Scroll            ||     1
 Stab: Sleeping          ||     1
Armor: Skin              ||     3
Dodge: Dodged            ||    50
